[Event "Titled Tuesday Blitz February 01 B 2022"]
[White "Pranav, V"]
[Black "Li, Ben"]
[WhiteFideId "25060783"]
[BlackFideId "2089980"]
[WhiteElo "2349"]
[BlackElo "2267"]
[Result "1-0"]
[Round "11"]
[TimeControl "180+1"]
[Date "2022.02.01"]
[WhiteClock "0:00:06"]
[BlackClock "0:00:08"]

1. e4 e5 2. Nf3 Nf6 3. Nc3 Nc6 4. g3 Bc5 5. Bg2 d6 6. d3 a6 7. O-O h6 8. Be3 Be6 9. d4 exd4 10. Nxd4 Nxd4 11. Bxd4 Bxd4 12. Qxd4 O-O 13. Rad1 Re8 14. Rfe1 Qe7 15. h3 Nd7 16. f4 f6 17. Nd5 Qd8 18. Ne3 Kh8 19. b3 Qe7 20. Qc3 Rac8 21. g4 Qf8 22. h4 Bf7 23. Rf1 Bg6 24. e5 fxe5 25. f5 Bf7 26. Bxb7 Rb8 27. Bc6 Qe7 28. f6 Nxf6 29. Bxe8 Rxe8 30. Nf5 Qd7 31. Qf3 e4 32. Qg3 Qe6 33. Rde1 Bg6 34. Ne3 d5 35. c3 c5 36. Rd1 Rd8 37. g5 Nh5 38. Qc7 Rc8 39. Qh2 Rd8 40. Ng2 d4 41. gxh6 e3 42. hxg7+ Kg8 43. Rde1 e2 44. Rf8+ Rxf8 45. gxf8=Q+ Kxf8 46. Qc7 d3 47. Qxc5+ Kg7 48. Qd4+ Kh6 49. Ne3 Qh3 50. Qh8+ Bh7 51. Qf8+ Kg6 52. Qd6+ Kg7 53. Qe7+ Kh6 54. Qg5# 1-0


[Site "https://www.chess.com"]

[Event "Titled Tuesday Blitz February 01 B 2022"]
[White "Quintiliano Pinto, Renato R."]
[Black "Loay, Sameer"]
[WhiteFideId "2117568"]
[BlackFideId "8104239"]
[WhiteElo "2439"]
[BlackElo "2040"]
[Result "0-1"]
[Round "11"]
[TimeControl "180+1"]
[Date "2022.02.01"]
[WhiteClock "0:00:12"]
[BlackClock "0:00:06"]

1. c4 Nf6 2. g3 g6 3. Bg2 Bg7 4. Nc3 O-O 5. d3 d6 6. Nf3 e5 7. O-O c6 8. Bg5 h6 9. Bxf6 Qxf6 10. Rb1 Be6 11. Nd2 Nd7 12. b4 a6 13. a4 Rfc8 14. b5 axb5 15. axb5 Qd8 16. e3 Nc5 17. Nb3 Nxb3 18. Qxb3 Kh7 19. Ra1 Rxa1 20. Rxa1 e4 21. Rd1 exd3 22. bxc6 bxc6 23. Rxd3 Qa5 24. h4 Bf5 25. Be4 Be6 26. Kg2 Qc5 27. Na4 Qe5 28. Bf3 g5 29. hxg5 hxg5 30. Kg1 d5 31. cxd5 cxd5 32. Rd1 g4 33. Bxd5 Rb8 34. Qd3+ Bf5 35. e4 Bg6 36. Nc5 Qh5 37. Kg2 Qh3+ 38. Kg1 Rb2 39. Rd2 Rb6 40. Qf1 Qh5 41. Nd3 Bf6 42. Nf4 Qg5 43. Nxg6 Qxd2 44. Nf4 Bg5 45. Nd3 Rh6 46. Ne5 Be3 47. Nxg4 Bxf2+ 48. Qxf2 Qd1+ 49. Kg2 Qh1# 0-1


[Site "https://www.chess.com"]

[Event "Titled Tuesday Blitz February 01 B 2022"]
[White "Salinas Herrera, Pablo"]
[Black "Sviridov, Valery"]
[WhiteFideId "3407128"]
[BlackFideId "4120680"]
[WhiteElo "2541"]
[BlackElo "2454"]
[Result "1/2-1/2"]
[Round "11"]
[TimeControl "180+1"]
[Date "2022.02.01"]
[WhiteClock "0:00:05"]
[BlackClock "0:00:05"]

1. d4 g6 2. e4 Bg7 3. Nf3 d6 4. Be2 b6 5. O-O Bb7 6. Nc3 e6 7. Re1 Ne7 8. Bf1 Nd7 9. h3 a6 10. Be3 h6 11. Qd2 g5 12. Rad1 Ng6 13. Nh2 O-O 14. a4 f5 15. f3 fxe4 16. Nxe4 Qe7 17. Ng4 Rae8 18. c3 Nh4 19. Nxg5 Nf5 20. Ne4 Nxe3 21. Qxe3 h5 22. Ngf2 d5 23. Ng3 Qh4 24. Ngh1 e5 25. Qd2 exd4 26. Rxe8 Rxe8 27. cxd4 c5 28. dxc5 Nxc5 29. Re1 Rf8 30. a5 Qf6 31. b4 Ne6 32. axb6 Nf4 33. g3 Ng6 34. Bg2 h4 35. Nd3 Qxb6+ 36. Nc5 Bc8 37. Nf2 Qd6 38. g4 Nf4 39. Nfd3 Nxg2 40. Qxg2 a5 41. f4 axb4 42. Kh1 Bc3 43. Re2 Bd4 44. Nb3 Ba6 45. Nxd4 Bxd3 46. Re5 Be4 47. Rxe4 dxe4 48. Qxe4 Rd8 49. Nf3 Qd1+ 50. Kg2 Qd6 51. Qf5 Qd5 52. Qg6+ Kf8 53. Qf6+ Ke8 54. Qxh4 b3 55. Kg3 Qd3 56. Qh8+ Kd7 57. Qg7+ Kc8 58. Qa7 Qc2 59. Qa8+ Kc7 60. Qa7+ Kc8 61. Qa8+ Kd7 62. Qd5+ Kc7 63. Qa5+ Kc8 64. Qa8+ 1/2-1/2


[Site "https://www.chess.com"]

[Event "Titled Tuesday Blitz February 01 B 2022"]
[White "Stoleriu, George"]
[Black "Maidel, Anton"]
[WhiteFideId "1227505"]
[BlackFideId "4125290"]
[WhiteElo "2203"]
[BlackElo "2336"]
[Result "0-1"]
[Round "11"]
[TimeControl "180+1"]
[Date "2022.02.01"]
[WhiteClock "0:00:04"]
[BlackClock "0:00:52"]

1. e4 e5 2. Nf3 Nf6 3. Nxe5 d6 4. Nf3 Nxe4 5. c4 Be7 6. Nc3 Nf6 7. d4 O-O 8. Bd3 c6 9. O-O d5 10. Ne5 Nbd7 11. Re1 Re8 12. Bg5 Nf8 13. Qf3 Ne6 14. Bxf6 Bxf6 15. Nxf7 Kxf7 16. Qh5+ Kf8 17. Qxh7 g5 18. cxd5 cxd5 19. Re3 Qe7 20. Qg6 Qg7 21. Nxd5 Qxg6 22. Bxg6 Rd8 23. Nxf6 Kg7 24. d5 Kxg6 25. dxe6 Kxf6 26. e7 Re8 27. Rae1 Bd7 28. Rf3+ Kg6 29. Re5 Rac8 30. h3 Rc4 31. Rg3 g4 32. f3 Kf6 33. Re3 Rxe7 34. Rxe7 Kxe7 35. hxg4 Rc2 36. g5 Rxb2 37. g6 Be6 38. f4 Kf6 39. Rg5 Rxa2 40. Kh2 a6 41. Kg3 b5 42. Kh4 Ra1 43. g7 Rh1+ 44. Kg3 Bg8 45. Kf3 b4 46. Ra5 b3 47. Rxa6+ Kxg7 48. Rb6 Rh6 49. Rb7+ Bf7 50. g4 Kf8 51. g5 Bd5+ 0-1


[Site "https://www.chess.com"]

[Event "Titled Tuesday Blitz February 01 B 2022"]
[White "Svane, Rasmus"]
[Black "Garcia Martin, Marta"]
[WhiteFideId "4657101"]
[BlackFideId "32084030"]
[WhiteElo "2645"]
[BlackElo "2102"]
[Result "1/2-1/2"]
[Round "11"]
[TimeControl "180+1"]
[Date "2022.02.01"]
[WhiteClock "0:00:09"]
[BlackClock "0:00:14"]

1. Nf3 b6 2. g3 Bb7 3. Bg2 Nf6 4. O-O g6 5. c4 Bg7 6. d4 O-O 7. Re1 e6 8. Bf4 d6 9. Qc2 Be4 10. Qd2 Bb7 11. Qc2 Be4 12. Qc1 c5 13. Nc3 Bb7 14. dxc5 bxc5 15. Rd1 d5 16. cxd5 exd5 17. Na4 c4 18. Nc5 Bc6 19. b3 Qe7 20. Qe3 Ne4 21. Nxe4 Bxa1 22. Rxa1 dxe4 23. Ne5 Bb7 24. Nxc4 Qe6 25. Nd6 Bd5 26. Nxe4 Nc6 27. Rd1 Rad8 28. Bg5 Bxe4 29. Rxd8 Rxd8 30. Bxe4 Rd6 31. Kg2 Nb4 32. a4 Nd5 33. Qf3 Nf6 34. Bd3 Kg7 35. Bc4 Qf5 36. Bf4 Rd8 37. Qc3 Kg8 38. h4 Nd5 39. Bxd5 Qxd5+ 40. f3 Qe6 41. e4 Re8 42. h5 f6 43. hxg6 hxg6 44. b4 Re7 45. b5 Kf7 46. Qd4 Qa2+ 47. Kh3 Qe6+ 48. g4 Rd7 49. Qb4 Qe7 50. Qc4+ Qe6 51. Qc6 g5 52. Bg3 Rd3 53. Qb7+ Qe7 54. Qxe7+ Kxe7 55. Kg2 Ra3 56. Bf2 Rxa4 57. b6 axb6 58. Bxb6 Ke6 59. Kg3 Ra3 60. Bd4 Rb3 61. Ba1 Rd3 62. Bb2 Rb3 63. Bd4 Rb5 64. Bc3 Rb1 65. Bd4 Rd1 66. Bc3 Rd3 67. Bb2 Rd7 68. Ba1 Rf7 69. Bc3 Kd6 70. Bd4 Kc6 71. Kf2 Kb5 72. Ke3 Kc4 73. Bb2 Kc5 74. Kd3 Kd6 75. Ba3+ Ke6 76. Bb2 Rd7+ 77. Ke3 Rb7 78. Bd4 Rb3+ 79. Kf2 Rb4 80. Bc3 Rb3 81. Ba1 Ra3 82. Bd4 Rb3 83. Kg3 Ra3 84. Bb2 Rb3 85. Bd4 1/2-1/2


[Site "https://www.chess.com"]

[Event "Titled Tuesday Blitz February 01 B 2022"]
[White "Timofeev, Artyom"]
[Black "Mirzoev, Azer"]
[WhiteFideId "4140419"]
[BlackFideId "13400304"]
[WhiteElo "2583"]
[BlackElo "2525"]
[Result "1-0"]
[Round "11"]
[TimeControl "180+1"]
[Date "2022.02.01"]
[WhiteClock "0:00:36"]
[BlackClock "0:00:13"]

1. d4 d5 2. c4 c6 3. Nf3 Nf6 4. Nc3 a6 5. Ne5 Nbd7 6. Bf4 e6 7. e3 Be7 8. Be2 O-O 9. O-O Nxe5 10. dxe5 Nd7 11. cxd5 exd5 12. e4 Nb6 13. exd5 Nxd5 14. Nxd5 Qxd5 15. Qxd5 cxd5 16. Rac1 Rd8 17. Rc7 Bb4 18. Rfc1 Ba5 19. R7c5 Bb6 20. R5c3 Bd4 21. Rd3 Ba7 22. Rb3 b5 23. Rg3 Be6 24. Bd3 Rdc8 25. Rd1 Bc5 26. Kf1 Bf8 27. Ke2 Ra7 28. Be3 Rac7 29. Bd4 h5 30. h3 h4 31. Re3 g6 32. f4 Rc1 33. Rf3 Rxd1 34. Kxd1 Bc5 35. Bxc5 Rxc5 36. Kd2 d4 37. a3 Bd5 38. Rf2 Bc4 39. Be4 Bb3 40. Kd3 Rc4 41. Bd5 1-0


[Site "https://www.chess.com"]

[Event "Titled Tuesday Blitz February 01 B 2022"]
[White "Vakhlamov, Igor L."]
[Black "Sadovsky, Artem"]
[WhiteFideId "24126748"]
[BlackFideId "4155840"]
[WhiteElo "2401"]
[BlackElo "2369"]
[Result "1-0"]
[Round "11"]
[TimeControl "180+1"]
[Date "2022.02.01"]
[WhiteClock "0:01:00"]
[BlackClock "0:00:10"]

1. e4 g6 2. d4 Bg7 3. Nf3 d6 4. Bc4 e6 5. O-O Ne7 6. Re1 h6 7. Nbd2 a6 8. a4 b6 9. c3 Bb7 10. Bb3 Nd7 11. Nf1 c5 12. Ng3 Qc7 13. h4 c4 14. Bc2 e5 15. h5 g5 16. Nh2 O-O 17. Ng4 d5 18. dxe5 Nxe5 19. exd5 Bxd5 20. Nxe5 Bxe5 21. Nf5 Nxf5 22. Qxd5 Bh2+ 23. Kh1 Rae8 24. Bxg5 Ng3+ 25. fxg3 Qxg3 26. Qf5 Rxe1+ 27. Rxe1 Qxe1+ 28. Kxh2 1-0


[Site "https://www.chess.com"]

[Event "Titled Tuesday Blitz February 01 B 2022"]
[White "Van Foreest, Jorden"]
[Black "Andreikin, Dmitry"]
[WhiteFideId "1039784"]
[BlackFideId "4158814"]
[WhiteElo "2609"]
[BlackElo "2736"]
[Result "0-1"]
[Round "11"]
[TimeControl "180+1"]
[Date "2022.02.01"]
[WhiteClock "0:00:02"]
[BlackClock "0:00:19"]

1. e4 e5 2. Nf3 Nc6 3. Bc4 Bc5 4. c3 Nf6 5. d3 d6 6. O-O h6 7. Re1 Bb6 8. Nbd2 g5 9. Rf1 g4 10. Ne1 h5 11. Bb3 Na5 12. Bc2 g3 13. hxg3 h4 14. d4 exd4 15. cxd4 hxg3 16. Ndf3 Ng4 17. fxg3 Nc6 18. Ba4 Bd7 19. Bxc6 bxc6 20. Bg5 f6 21. Bh4 Ne3 22. Qe2 Nxf1 23. Qxf1 Qe7 24. Nc2 c5 25. d5 c4+ 26. Kh2 O-O-O 27. Qxc4 Rde8 28. Re1 Qg7 29. Ncd4 Qg4 30. Nc6 Kb7 31. Qb5 Ka8 32. a4 Bf2 33. Kh1 Qxg3 34. Re2 Rxh4+ 0-1


[Site "https://www.chess.com"]

[Event "Titled Tuesday Blitz February 01 B 2022"]
[White "Weetik, Vjacheslav"]
[Black "Carlsson, Ludvig"]
[WhiteFideId "4153472"]
[BlackFideId "1727010"]
[WhiteElo "2469"]
[BlackElo "2178"]
[Result "1-0"]
[Round "11"]
[TimeControl "180+1"]
[Date "2022.02.01"]
[WhiteClock "0:00:11"]
[BlackClock "0:00:01"]

1. e4 e5 2. f4 exf4 3. Bc4 Nc6 4. d4 g5 5. h4 Bg7 6. c3 d6 7. Nf3 h6 8. Na3 Qe7 9. Qe2 Bg4 10. Bd2 Nf6 11. Bd3 O-O-O 12. O-O-O Rhe8 13. Rde1 Nh5 14. Qd1 Ng3 15. Rhg1 Kb8 16. hxg5 hxg5 17. Qa4 Bd7 18. Qc2 Qf6 19. Nc4 Ka8 20. b4 g4 21. e5 Qh6 22. b5 gxf3 23. bxc6 Bxc6 24. gxf3 Bxf3 25. Rxg3 fxg3 26. Bxh6 Bxh6+ 27. Kb2 f6 28. e6 Re7 29. Bf5 Bd5 30. Ne3 Bxe6 31. Nd5 Bxf5 32. Qxf5 Rxe1 33. Qxf6 Rg8 34. Nxc7+ Kb8 35. Qxd6 Re2+ 36. Kb3 Rg6 37. Ne6+ 1-0


[Site "https://www.chess.com"]

[Event "Titled Tuesday Blitz February 01 B 2022"]
[White "Yoo, Christopher Woojin"]
[Black "Urazayev, Arystanbek"]
[WhiteFideId "30909694"]
[BlackFideId "13709810"]
[WhiteElo "2105"]
[BlackElo "2321"]
[Result "1-0"]
[Round "11"]
[TimeControl "180+1"]
[Date "2022.02.01"]
[WhiteClock "0:00:27"]
[BlackClock "0:00:16"]

1. e4 c6 2. Nf3 d5 3. d3 dxe4 4. dxe4 Qxd1+ 5. Kxd1 Nf6 6. Nbd2 g6 7. Ne1 Bh6 8. f3 Nbd7 9. Nd3 Nb6 10. a4 Be6 11. a5 Nbd7 12. f4 O-O-O 13. g3 Ng4 14. Ke2 f5 15. Bg2 Ngf6 16. a6 fxe4 17. axb7+ Kxb7 18. Nxe4 Bg4+ 19. Kf2 Nxe4+ 20. Bxe4 Bf5 21. Re1 Rhe8 22. Bxf5 gxf5 23. Re6 Bg7 24. Be3 a6 25. Nb4 Nb8 26. Nd3 Rd6 27. Nc5+ Kc8 28. c3 Rxe6 29. Nxe6 Bf6 30. Nc5 e5 31. Nxa6 exf4 32. Bxf4 Nxa6 33. Rxa6 Kb7 34. Ra5 Rf8 35. Be3 Kb8 36. Rxf5 Kc8 37. Kf3 Kd7 38. Bd4 1-0


[Site "https://www.chess.com"]

[Event "Titled Tuesday Blitz February 01 B 2022"]
[White "Yuan, Qingyu"]
[Black "Karttunen, Mika"]
[WhiteFideId "8609772"]
[BlackFideId "502081"]
[WhiteElo "2359"]
[BlackElo "2343"]
[Result "1-0"]
[Round "11"]
[TimeControl "180+1"]
[Date "2022.02.01"]
[WhiteClock "0:00:12"]
[BlackClock "0:00:02"]

1. Nf3 Nf6 2. g3 d5 3. Bg2 g6 4. b3 Bg7 5. Bb2 O-O 6. c4 c6 7. O-O a5 8. d3 Bg4 9. Nbd2 Bxf3 10. Nxf3 Nbd7 11. Rc1 e6 12. Rc2 a4 13. b4 a3 14. Bc3 Ne8 15. Qc1 Ra4 16. Rd1 Bxc3 17. Rxc3 Qa8 18. Rb3 Nd6 19. Qf4 Qb8 20. cxd5 exd5 21. e4 Nb6 22. Qh6 f6 23. Re1 Re8 24. Qf4 Qd8 25. h4 Nf7 26. h5 Kg7 27. Qc1 Qd6 28. Qc3 dxe4 29. dxe4 Nd7 30. Rbb1 Nde5 31. Nd4 Qe7 32. Nc2 Rea8 33. Rb3 Nd6 34. Qc5 Kf7 35. Rd1 Nb5 36. Qe3 Kg7 37. Qe2 Nf7 38. Ne3 Rxb4 39. Qg4 Nh6 40. Nf5+ Nxf5 41. Rxb4 Qxb4 42. Rd7+ Kh8 43. hxg6 Rg8 44. Rxh7# 1-0